 Dungeon Crawl Stone Soup version 0.31.0-1-g2c135a008e (webtiles) character file.

Game seed: 10754521397887651291

191 qw the Shooter (level 6, -8/46 HPs)
             Began as a Djinni Hunter on Jan 23, 2024.
             Mangled by a gnoll
             ... wielding a +0 halberd
              (9 damage)
             ... on level 4 of the Dungeon.
             The game lasted 00:00:09 (2563 turns).

qw the Shooter (Djinni Hunter)                      Turns: 2563, Time: 00:00:10

Health: -8/46      AC:  9    Str: 10    XL:     6   Next: 2%
Gold:   178        EV: 11    Int: 11    God:
                   SH:  0    Dex: 18

rFire   + + .        a - +0 shortbow
rCold   x . .        (shield currently unavailable)
rNeg    . . .        i - quicksilver dragon scales
rPois   inf          (no helmet)
rElec   .            (no cloak)
rCorr   .            (no gloves)
SInv    .            (boots unavailable)
Will    +....        (no amulet)
Stlth   +            (no ring)
HPRegen 0.27/turn    (no ring)
MPRegen 0.00/turn

%: infuse magic (-9 HP)
@: flying
A: sickness immunity, fire resistance 2, cold vulnerability 1, float, innate
caster, HP casting, extra vitality 1
a: no special abilities


You were on level 4 of the Dungeon.
You visited 1 branch of the dungeon, and saw 4 of its levels.

You collected 178 gold pieces.


Innate Abilities, Weirdness & Mutations

You are immune to sickness and miasma.
You are immune to poison.
Your flesh is very heat resistant. (rF++)
You are vulnerable to cold. (rC-)
You float through the air rather than walking.
You learn spells naturally, not from books.
Your magical power is your life essence.
You have superior vitality. (+4 MHP)


   Skills:
 - Level 3.0 Fighting
 - Level 4.6 Ranged Weapons
 + Level 1.7 Armour
 - Level 3.1 Dodging
 - Level 0.7 Stealth


You knew the following spells:

 Your Spells              Type           Power      Damage    Failure   Level
a - Summon Small Mammal   Summ           0%         N/A       65%         1
b - Momentum Strike       Conj/Tloc      0%         3d8       80%         2
Your spell library was empty.

Inventory:

Hand Weapons
 a - a +0 shortbow (weapon)
Armour
 i - quicksilver dragon scales (worn)
Jewellery
 d - a ring of fire
Wands
 j - a wand of charming (23)
Potions
 e - a potion of degeneration {unknown}
 f - 2 potions of curing {unknown}

Dungeon Overview and Level Annotations

Branches:
Dungeon (4/15)
 Temple: D:4-7

Altars:

Shops:
D:3 (


Message History

The gnoll hits you from afar with a +0 spear.
The gnoll closely misses you.
The gnoll hits you from afar with a +0 spear.
You shoot an arrow. The arrow hits the gnoll.
The gnoll is almost dead.
The gnoll hits you from afar with a +0 halberd.
You shoot an arrow. The arrow hits the gnoll!
The gnoll is severely wounded.
The gnoll hits you from afar with a +0 halberd.
You shoot an arrow.
The arrow hits the gnoll but does no damage.
The gnoll is severely wounded.
The gnoll hits you from afar with a +0 halberd.
You shoot an arrow. The arrow closely misses the gnoll.
The gnoll hits you with a +0 flail.
The gnoll hits you from afar with a +0 halberd.
The gnoll hits you but does no damage. The gnoll barely misses you.
The gnoll hits you but does no damage. The gnoll closely misses you.
The endoplasm freezes you.
You are frozen!
You feel a terrible chill!
You shoot an arrow.
The arrow hits the gnoll but does no damage.
The gnoll hits you from afar with a +0 halberd.
The endoplasm freezes you.
You are frozen.
You feel a terrible chill! The gnoll misses you.
The gnoll completely misses you.
You shoot an arrow.
The arrow hits the gnoll but does no damage.
The gnoll hits you but does no damage. The endoplasm freezes you.
You are frozen.
You feel a terrible chill! The gnoll closely misses you.
The gnoll hits you but does no damage.
You shoot an arrow. The arrow hits the gnoll.
The gnoll is moderately wounded.
The gnoll completely misses you. The endoplasm barely misses you.
The gnoll closely misses you.
The gnoll hits you from afar with a +0 spear.
The kobold hits you with a +0 short sword.
The gnoll hits you from afar with a +0 halberd!
You die...

.......................
...................#....
..###.......###.###.....
................# #...(.
..........#####.# #.....
.#........####.# #.....
#.#......#...##.# ####..
...........#.##.# #..
#.#.###@J###.##.# #.. .
#....gK........ ...
######gg..... ...(
.g...... ..... #......
..... ...... ......
......


You could see 4 gnolls, an endoplasm and a kobold.

Vanquished Creatures
  A bombardier beetle (D:4)
  3 gnolls (D:2)
  5 adders
  A ribbon worm (D:3)
  3 dart slugs
  3 orcs
  5 bats
  8 endoplasms
  5 goblins
  8 hobgoblins
  2 jackals (D:3)
  4 kobolds
  3 quokkas
  8 ball pythons
  7 frilled lizards
  9 rats
75 creatures vanquished.

Notes
Turn   | Place    | Note
-------+----------+-------------------------------------------
     0 | D:1      | qw the Djinni Hunter began the quest for the Orb.
     0 | D:1      | Reached XP level 1. HP: 18/18 MP: 0/0
     0 | D:1      | 0 ||| qw: Version: 0.3-a-134-g2ba4250
     0 | D:1      | 0 ||| qw: Game counter: 696
     0 | D:1      | 0 ||| qw: Melee chars always use a shield: true
     0 | D:1      | 0 ||| qw: God list: Okawaru
     0 | D:1      | 0 ||| qw: Allow faded altars: false
     0 | D:1      | 0 ||| qw: Do Orc after clearing Dungeon:15 true
     0 | D:1      | 0 ||| qw: Do second Lair branch before Depths: true
     0 | D:1      | 0 ||| qw: Lair rune preference: random
     0 | D:1      | 0 ||| qw: Goals: Normal
     0 | D:1      | 0 ||| PLANNING D:1-11
    86 | D:1      | Reached XP level 2. HP: 23/23 MP: 0/0
   264 | D:1      | Reached XP level 3. HP: 28/28 MP: 0/0
   264 | D:1      | Learned a level 1 spell: Summon Small Mammal
   266 | D:1      | Reached skill level 4 in Ranged Weapons
   722 | D:1      | 722 ||| READING scroll labelled FAFRUV WANYED.
   722 | D:1      | 722 ||| IDENTIFYING scroll labelled IHIUXO GUBRI
   723 | D:1      | 723 ||| DROPPING scroll of butterflies.
   724 | D:1      | 724 ||| DROPPING scroll of blinking.
   809 | D:2      | Reached XP level 4. HP: 34/34 MP: 0/0
   825 | D:2      | Reached skill level 3 in Fighting
   994 | D:2      | Reached skill level 3 in Dodging
  1043 | D:2      | Reached XP level 5. HP: 38/40 MP: 0/0
  1043 | D:2      | Learned a level 2 spell: Momentum Strike
  1456 | D:2      | Found a faded altar of an unknown god.
  1655 | D:2      | 1655 ||| READING scroll labelled FEEDWY RIZYS.
  2246 | D:3      | Found Irorat's Weapon Emporium.
  2275 | D:3      | 2275 ||| UPGRADING to +0 ring mail.
  2285 | D:3      | 2285 ||| DROPPING +0 leather armour.
  2286 | D:3      | 2286 ||| UPGRADING to quicksilver dragon scales.
  2296 | D:3      | 2296 ||| DROPPING +0 ring mail.
  2297 | D:3      | 2297 ||| READING scroll labelled HOYJE FIOTI.
  2302 | D:3      | 2302 ||| READING scroll labelled NUATEO ESUCHAG.
  2302 | D:3      | 2302 ||| ENCHANTING +0 shortbow.
  2303 | D:3      | 2303 ||| READING scroll labelled WUMAUM WIHEOL.
  2304 | D:3      | 2304 ||| READING scroll labelled JICYNA SACARUFA.
  2455 | D:4      | Reached skill level 1 in Armour
  2455 | D:4      | Reached XP level 6. HP: 36/46 MP: 0/0
  2561 | D:4      | HP: 9/46 [frozen (6)]
  2563 | D:4      | HP: 3/46 [gnoll/+0 spear (4)]
  2563 | D:4      | HP: 1/46 [kobold/+0 short sword (2)]
  2563 | D:4      | Mangled by a gnoll

Levels and vault maps discovered:
D:1:      lightli_arrival_noodles, layout_loops_ring
D:2:      layout_basic, hellmonk_ecumenical_altar_inner_sanctum, basic_altar,
          eino_tiny_chamber
D:3:      layout_loops_cross, serial_shops, shop
D:4:      layout_basic

Skill      XL: |  1  2  3  4  5 |
---------------+----------------+-----
Ranged Weapons | 4 |  4.6
Fighting       | 3 |  3.0
Dodging        | 3 |  3.1
Armour         | 1 |  1.7
Stealth        | |  0.7

Action                     |  1- 3 |  4- 6 || total
---------------------------+-------+-------++-------
   Fire: Shortbow          |    94 |   131 ||   225
    Use: Scroll            |     1 |     5 ||     6
 Armour: Leather armour    |    13 |    13 ||    26
         Quicksilver drago |       |    18 ||    18
  Dodge: Dodged            |    27 |    41 ||    68

Table legend:
 A = Non-vault XP
 B = Vault XP
 C = Vault XP percentage of total XP
 D = Non-vault monster count
 E = Vault monster count
 F = Vault count percentage of total count
                 A         B        C        D         E       F
            +---------+---------+-------+---------+---------+-------
      Total |     274 |       0 |   0.0 |      75 |       0 |   0.0
            +---------+---------+-------+---------+---------+-------
        D:1 |      52 |       0 |   0.0 |      30 |       0 |   0.0
        D:2 |     123 |       0 |   0.0 |      23 |       0 |   0.0
        D:3 |      35 |       0 |   0.0 |      12 |       0 |   0.0
        D:4 |      64 |       0 |   0.0 |      10 |       0 |   0.0
            +---------+---------+-------+---------+---------+-------
